Cogmind - Beta 16.1 --- EXPLORER MODE // 2026.03.04 @ 19:03:08 Player: NeoBioHazard Result: Destroyed by as-57417 with Assembled Heavy Rifle Performance ------------- Evolutions (0) 0 Regions Visited (2) 400 Robots Destroyed (13) 65 Value Destroyed (361) 361 Prototype IDs (3) 60 Alien Tech Used (0) 0 Bonus (0) 0 TOTAL SCORE: 886 Bonus ------- None Cogmind --------- Core Integrity 0/250 Matter 290/300 Energy 125/125 System Corruption 2% Temperature Cool (0) Movement Rolling (80) Location -10/Mines Parts ------- > --- POWER (1) -------- Light Ion Engine > --- PROPULSION (2) --- Wheel Wheel > --- UTILITY (3) ------ Targeting Computer Targeting Computer Light Armor Plating > --- WEAPON (2) ------- Grenade Launcher > --- INVENTORY (5) ---- Light Ion Engine Medium Storage Unit High-capacity Matter Pod (200) Peak State ------------ > --- POWER ------------ Ion Engine > --- PROPULSION ------- Aluminum Leg Aluminum Leg > --- UTILITY ---------- Targeting Computer Targeting Computer Light Armor Plating > --- WEAPON ----------- Assault Rifle Light Assault Rifle > --- INVENTORY -------- Light Ion Engine Medium Storage Unit EM Pulse Gun [Rating: 8] Favorites ----------- Power Ion Engine Engine Ion Engine Propulsion Aluminum Leg Treads Light Treads Leg Aluminum Leg Wheel Wheel Utility Targeting Computer Processor Targeting Computer Protection Light Armor Plating Weapon Light Assault Rifle Ballistic Gun Light Assault Rifle Launcher Grenade Launcher Build | -11 -10 -10 ------- Run | Yrd Mat Min Slots Evolved 1 | . 1 . Power . | . . . Propulsion . | . . . Utility 1 | . 1 . Weapon . | . . . Parts Attached 20 | 9 5 6 Power 2 | 1 . 1 Engine 2 | 1 . 1 Core . | . . . Reactor . | . . . Propulsion 8 | 4 2 2 Treads 2 | 2 . . Leg 4 | 2 2 . Wheel 2 | . . 2 Hover . | . . . Flight . | . . . Utility 5 | 2 2 1 Device . | . . . Storage . | . . . Processor 3 | 2 1 . Hackware . | . . . Protection 2 | . 1 1 Artifact . | . . . Weapon 5 | 2 1 2 Energy Gun . | . . . Energy Cannon . | . . . Ballistic Gun 3 | 2 1 . Ballistic Cannon . | . . . Launcher 2 | . . 2 Special Weapon . | . . . Impact Weapon . | . . . Slashing Weapon . | . . . Piercing Weapon . | . . . Special Melee Weapon . | . . . Unidentified Prototypes . | . . . Parts Lost 8 | . . 8 Power 1 | . . 1 Propulsion 2 | . . 2 Utility 1 | . . 1 Weapon 4 | . . 4 Highest Loss Streak 8 | . . 8 To Critical Strikes . | . . . Average Backups 3 | 1 4 4 Power . | . 1 1 Propulsion . | . . . Utility 1 | . 1 2 Weapon 1 | . 1 1 Tool/Special . | . . . Unused Backups 5 | . 2 3 Power 1 | . . 1 Propulsion . | . . . Utility 3 | . 1 2 Weapon 1 | . 1 . Tool/Special . | . . . Average Slot Usage (%) 91 | . 98 78 Engine 10 | . 12 8 Leg 21 | . 25 13 Processor 25 | . 25 25 Protection 10 | . 10 9 Ballistic Gun 21 | . 25 14 Launcher 1 | . . 3 Peak Build Rating 8 | 7 8 8 Average Rating 7 | 5 7 6 On Entrance 5 | . 7 8 Avg Prop Armor Cover (%) . | . . . Naked Turns . | . . . Heaviest Build 11 | 8 11 11 Greatest Support 40 | 40 20 20 Greatest Overweight (x) 1 | . . 1 Average Overweight (x) . | . . . Largest Inventory Capacity 5 | 5 5 5 Average Capacity 5 | 5 5 5 Most Carried 5 | 3 5 5 Average Carried 3 | 1 4 4 Final Capacity 5 | 5 5 5 Final Carried 5 | 3 5 3 Class Distribution -------------------- 100% | Hacker-Mutant Dominant Class ---------------- Hacker-Mutant | -10/Materials Hacker-Mutant | -10/Mines Resources | -11 -10 -10 ----------- Run | Yrd Mat Min Matter Collected 940 | 194 398 348 Remotely . | . . . Salvage Created 468 | . 436 32 Parts 27 | . 27 . Haulers Intercepted 2 | . 2 . Recyclers Shooed . | . . . Parts Field Recycled . | . . . Retrieved Matter . | . . . Parts Self-Destructed . | . . . Prevented . | . . . Parts Restored . | . . . Kills | -11 -10 -10 ------- Run | Yrd Mat Min Combat Hostiles Destroyed 14 | . 10 4 Guns 13 | . 10 3 AOE 1 | . . 1 Classes Destroyed 5 | . 4 1 Hauler 2 | . 2 . Watcher 1 | . 1 . Swarmer 2 | . 2 . Grunt 8 | . 8 . Assembled 4 | . . 4 Best Kill Streak 3 | . 3 2 Combat Bots Only 3 | . 3 2 Max Kills in Single Turn 1 | . 1 1 Gunslinging . | . . . Exploded 1 | . . 1 Melee . | . . . Uniques/NPCs Destroyed . | . . . Combat | -11 -10 -10 -------- Run | Yrd Mat Min Hostile Shots Fired 104 | . 49 55 Missed 32 | . 10 22 Hits 72 | . 39 33 Projectile 72 | . 39 33 AOE 29 | . . 29 Part Disruptions 1 | . . 1 Damage Taken 1058 | . 299 759 Core 256 | . 74 182 Absorbed by Shields . | . . . Ignored by Resistances 637 | . 189 448 Core Remaining (%) 100 | 100 . . Volleys Fired 72 | . 47 25 Largest 2 | . 2 2 Hottest 40 | . 40 40 Shots Fired 136 | . 94 42 Gun 132 | . 94 38 Cannon . | . . . Launcher 4 | . . 4 Special . | . . . Kinetic 132 | . 94 38 Thermal . | . . . Explosive 4 | . . 4 Electromagnetic . | . . . Robot Hit Streak 25 | . 25 21 Robot Miss Streak 2 | . 2 1 Penetration Max . | . . . Secondary Targets 2 | . 2 . Max Gunslinging Chain 1 | . 1 . Shots Hit Robots 120 | . 82 38 Core Hits 41 | . 28 13 Critical Kills . | . . . Critical Parts Destroyed 1 | . 1 . Critical Strikes 1 | . 1 . Destroy 1 | . 1 . Melee Attacks . | . . . Impact . | . . . Slashing . | . . . Piercing . | . . . Sneak Attacks . | . . . Combat Hostiles . | . . . Follow-up Attacks . | . . . Damage Inflicted 1259 | . 837 422 Guns 1196 | . 837 359 Cannons . | . . . Explosions 63 | . . 63 Melee . | . . . Ramming . | . . . Kinetic 1196 | . 837 359 Thermal . | . . . Explosive 63 | . . 63 Electromagnetic . | . . . Impact . | . . . Slashing . | . . . Piercing . | . . . Highest Corruption 2 | . 2 2 Average Corruption 1 | . 1 2 Corruption Purged . | . . . Corruption Blocked . | . . . Effects 8 | . 4 4 Message Errors 3 | . 1 2 Matter Fused 1 | . 1 . Heat Flow Errors 1 | . 1 . Energy Discharges 1 | . 1 . Data Loss (minor) 1 | . . 1 Weapon Failures 1 | . . 1 Overload Shots . | . . . Overflow Damage . | . . . Projectiles . | . . . Explosions . | . . . Melee . | . . . Knockbacks . | . . . Impact . | . . . Kinetic . | . . . Secondary . | . . . Self-Inflicted Damage 28 | . . 28 Shots 2 | . . 2 Rammed . | . . . Targets Rammed . | . . . Kicked . | . . . Crushed . | . . . Highest Temperature 216 | . 216 18 Average Temperature 24 | . 27 6 Received Heat Transfer 290 | . 270 20 Siege Activations . | . . . Martial Activations . | . . . Shielding Activations . | . . . Robots Disrupted . | . . . Combat Hostiles . | . . . Robots Corrupted . | . . . Combat Hostiles . | . . . Parts Fried . | . . . Impact Corruptions . | . . . Robots Melted . | . . . Combat Hostiles . | . . . Parts Melted . | . . . Heat Transferred . | . . . Parts Sabotaged . | . . . Parts Stolen . | . . . Parts Stripped . | . . . Power Chain Reactions . | . . . Alert | -11 -10 -10 ------- Run | Yrd Mat Min Maximum Alert Level . | . . . Low Security (%) 100 | 100 100 100 Level 1 . | . . . Level 2 . | . . . Level 3 . | . . . Level 4 . | . . . Level 5 . | . . . High Security . | . . . Max Security . | . . . Peak Influence 100 | . 100 18 Initial . | . . . Average 15 | . 24 . Influence Increases 324 | . 304 20 Destroy 0b10 Robot/C 200 | . 200 . Destroy 0b10 Robot/NC 15 | . 15 . Destroy Leader 46 | . 46 . Successful Hack 24 | . 24 . Disable Machine 4 | . 4 . Destroy Structure 20 | . . 20 Lose Combat Pursuer 15 | . 15 . Influence Decreases 306 | . 304 2 Time Decay 301 | . 301 . Lost Part 2 | . . 2 Purge Threat 3 | . 3 . Squads Dispatched . | . . . Investigation . | . . . Extermination . | . . . Reinforcement . | . . . Assault . | . . . Garrison . | . . . Intercept . | . . . Searches Triggered . | . . . Construction Impeded . | . . . Haulers Reinforced . | . . . Active Scanning Responses . | . . . Cargo Convoy Interrupts . | . . . Stealth | -11 -10 -10 --------- Run | Yrd Mat Min Distress Signals 2 | . 2 . Communications Jammed . | . . . Distress Signals . | . . . Times Spotted 28 | . 16 12 Peak Tracking Total 6 | . 6 3 Tactical Retreats 5 | . 1 4 Traps | -11 -10 -10 ------- Run | Yrd Mat Min Traps Triggered 6 | . 6 . Indirectly . | . . . Trap Hack Attempts . | . . . Triggered . | . . . Disarmed . | . . . Reprogrammed . | . . . Reused . | . . . Traps Extracted . | . . . Installed . | . . . Triggered . | . . . Machines | -11 -10 -10 ---------- Run | Yrd Mat Min Machines Disabled 1 | . 1 . Max in Single Turn 1 | . 1 . Machines Repaired . | . . . Machines Dismantled . | . . . Machines Sabotaged . | . . . Overloaded Fab Kills . | . . . Hacking | -11 -10 -10 --------- Run | Yrd Mat Min Machines Accessed 6 | . 6 . Terminals 6 | . 6 . Fabricators . | . . . Repair Stations . | . . . Recycling Units . | . . . Scanalyzers . | . . . Garrison Access . | . . . Total Hacks 21 | . 21 . Successful 14 | . 14 . Failed 7 | . 7 . Catastrophic . | . . . Database Lockouts . | . . . Manual 21 | . 21 . Terminals 21 | . 21 . Fabricators . | . . . Repair Stations . | . . . Recycling Units . | . . . Scanalyzers . | . . . Garrison Access . | . . . Terminal Hacks 10 | . 10 . Robot Analysis 2 | . 2 . Prototype ID Bank 2 | . 2 . Branch Access Points 1 | . 1 . Terminal Index 1 | . 1 . Unreport Threat 3 | . 3 . Locate Traps 1 | . 1 . Fabricator Hacks . | . . . Repair Station Hacks . | . . . Recycling Unit Hacks . | . . . Scanalyzer . | . . . Garrison Access Hacks . | . . . Unauthorized Hacks 4 | . 4 . Terminals 4 | . 4 . Botnet 4 | . 4 . Fabricators . | . . . Repair Stations . | . . . Recycling Units . | . . . Scanalyzers . | . . . Garrison Access . | . . . Data Cores Recovered . | . . . Used . | . . . Hacking Detections 5 | . 5 . Full Trace Events 1 | . 1 . Feedback Events . | . . . Feedback Blocked . | . . . Robot Schematics Acquired . | . . . Robots Built . | . . . Authchips . | . . . Time . | . . . Total Robot Build Rating . | . . . Part Schematics Acquired . | . . . Parts Built . | . . . Authchips . | . . . Time . | . . . Total Part Build Rating . | . . . Part Studies Acquired . | . . . Parts Repaired . | . . . Time . | . . . Parts Recycled . | . . . Recycled Matter . | . . . Retrieved Matter . | . . . Retrieved Components . | . . . Parts Scanalyzed . | . . . Part Schematics Acquired . | . . . Parts Damaged . | . . . Bothacking | -11 -10 -10 ------------ Run | Yrd Mat Min Used RIF Installer . | . . . Robots Hacked . | . . . Non-combat . | . . . Combat . | . . . Robot Hacks Applied . | . . . Relay Couplers Released . | . . . Fabnet Peak Effective % . | . . . Robots Rewired . | . . . Allies Hacked . | . . . Hacks Repelled . | . . . Allies | -11 -10 -10 -------- Run | Yrd Mat Min Total Allies . | . . . Largest Group . | . . . Highest-Rated Group . | . . . Highest-Rated Ally . | . . . Total Orders . | . . . Ally Attacks . | . . . Total Damage . | . . . Kills . | . . . Allies Corrupted . | . . . Allies Melted . | . . . Intel | -11 -10 -10 ------- Run | Yrd Mat Min Active Infowar (turns) . | . . . Robot Analysis Total 2 | . 2 . Derelict Logs Recovered . | . . . Drone Launches . | . . . Drone Recoveries . | . . . Exploration | -11 -10 -10 ------------- Run | Yrd Mat Min Turns Passed 1212 | 82 736 394 Spaces Moved 873 | 57 481 335 Core 172 | 6 . 166 Treads 4 | 4 . . Legs 647 | 47 481 119 Wheels 50 | . . 50 Hover . | . . . Flight . | . . . Fastest Speed 50 | 50 120 50 Average Speed 107 | 115 120 89 Slowest Speed 160 | 160 120 120 Overloaded Moves . | . . . Propulsion Burnouts . | . . . Robots Hopped . | . . . Potential Cave-ins . | . . . Cave-ins Triggered . | . . . Exploration Rate (%) 49 | 3 91 53 Regions Visited 2 Branch Regions 1 Pre-discovered Areas . | . . . Known Exits Taken 2 | 1 1 . Unknown Exits Taken . | . . . Scrap Searched . | . . . Spaces Dug . | . . . Terrain Destroyed 24 | . . 24 Melee . | . . . Projectile . | . . . AOE 24 | . . 24 Terrain Rammed . | . . . Walls Destroyed . | . . . Machines Disabled . | . . . Actions | -11 -10 -10 --------- Run | Yrd Mat Min Total 1014 | 68 557 389 Wait 35 | . 15 20 Move 871 | 56 480 335 Hop . | . . . Pick Up 7 | 3 4 . Fast Attach 14 | 7 2 5 Attach 2 | . . 2 Detach . | . . . Swap 7 | 2 4 1 Drop 6 | . 5 1 Fire 72 | . 47 25 Melee . | . . . Ram . | . . . Kick . | . . . Crush . | . . . Escape Stasis . | . . . Rewire . | . . . Trap . | . . . Miscellaneous . | . . . Route ------- -11/Scrapyard -10/Materials (discovered 5 exits: *Mat x3 / *Min x2) -10/Mines (discovered 1 exit: *Mat) History --------- Turn | Location | Event 18 | -11/Scrapyard | Identified exit to Materials 18 | -11/Scrapyard | Discovered exit to Materials (range 16) 83 | -11/Scrapyard | Entered Materials 83 | -10/Materials | Evolved 1 slot: Utility x1 105 | -10/Materials | Identified exit to Mines 270 | -10/Materials | Identified exit to Materials 270 | -10/Materials | Discovered exit to Materials (range 9) 315 | -10/Materials | Build established: Hacker-Mutant 398 | -10/Materials | Discovered exit to Materials (range 10) 583 | -10/Materials | Derelicts attacked the area 637 | -10/Materials | Discovered exit to Materials (range 15) 819 | -10/Materials | Entered Mines 820 | -10/Mines | Assembled infested the area 825 | -10/Mines | Assisted by a Guerilla fighting off Assembled 846 | -10/Mines | YI-UF0 nonchalantly dropped a Grenade Launcher on the ground 1029 | -10/Mines | Core integrity fell below 50% 1039 | -10/Mines | Core integrity fell below 20% 1077 | -10/Mines | Lost 8 parts (1p2n1u4w) 1195 | -10/Mines | Discovered exit to Materials (range 16) 1213 | -10/Mines | Destroyed by as-57417 with Assembled Heavy Rifle Last Messages --------------- 01046_ Grenade Launcher destroyed. 01046_ YI-UF0 destroyed. 01049_ The unstable cave ceiling collapses. 01050_ Extracted 176 matter. 01051_ The unstable cave ceiling collapses. 01085_ Acquired Grenade Launcher. 01098_ Acquired Lgt. Armor Plating. 01132_ Acquired 3 matter. 01135_ Acquired 17 matter. 01140_ The unstable cave ceiling collapses. 01165_ Acquired Wheel. 01168_ Acquired Lgt. Ion Engine. 01170_ Acquired Wheel. 01171_ Acquired 30 matter. 01195_ EXIT=FOUND: MATERIALS 01199_ as-58431 destroyed. 01200_ K-01 Serf collects debris. 01202_ Acquired 4 matter. 01202_ K-01 Serf collects debris. 01206_ Acquired 6 matter. Map ----- +----------------------------------------------------+ | ## # ## """ #?????????? | | #% # # # """ #?????????? | | # ## ## #?????????? | | # ## # # # #?????????? | | ## ## # = ### ##?????????? | | % | ####?#####??????????? | | % % # # #??????????????????? | | # # # # ######??????????????????? | | ## # #######???????????????????????? | | ####?????????????????????????????? | | ###????????????????????????????????? | | ! ## #???##????????????????????????????? | | % ! ###### ##???????????????????????????? | | ! %!%*=!= #???????????????????????????? | | !% %!=%%!=== #???????????????????????????? | | == ##%#!!%* #???????????????????????????? | | # ##%#?!####???????????????????????????? | | ## ##!#??#??????????????????????????????? | | ?# ##%#?????????????????????????????????? | | ? ###%#????????????????????????????? #??? | | ?# #?#!#??????????????????????????? ??? | | ?###?#!#######??????????????????? #?? | | ?????#*!=%!!=#????????????????? #??? | | ?????####### #??????????????? #?????? | | ???????????#!##### #####= #??????? | | ???????????#*%= a*%= =@%! #??????? | | ???????????#!#### ###### * #???????? | | ???????????# #?????#!##?????????##???????? | | ???????????# #??####= #??????????????????? | | ???????????# #??# ##??????????????????? | | ???????????# #??# ##??????*#%=????????? | | ???????????# #### ### =!%=!!%!???????? | | ???????????# %===%=*!???????? | | ???????????#### **%<=#??????????? | | ??????????????#### !!%%#??????????? | | ?????????????????### ===#??????????? | | ????????????????????# ????????? | | ?????????????????????# ????????? | | ??????????????????????# ?????????? | | ???????????????????????#### ##?????????? | | ????????????????????????????###??????????? | | ?????????????????????????????????????????? | | | | | | | | | | | | | | | | | +----------------------------------------------------+ Best States ------------- Heat Dissipation 25 Energy Generation 10 Energy Capacity 250 Matter Stores 300 Matter Capacity 300 Sight Range 16 Terrain Scan Density 10 Armor Coverage 150 Resistance: KI 35 Resistance: TH 35 Resistance: EX 35 Resistance: EM 35 Resistance: I 35 Resistance: S 35 Resistance: P 35 Evasion (%) 55 Targeting Accuracy 10 Recoil Reduction 1 Offensive Hacking 20 Item Schematics ----------------- None Robot Schematics ------------------ None Fabricated ------------ Nothing Repaired ---------- Nothing Studied --------- None Alien Tech Used ----------------- None Achievements -------------- None Challenges ------------ None Game ------ Seed RecyclingReactiveExoskeleton Manual? 0 Play Time 00:12:17 Cumulative 187.4 hours Start 2026.03.04 @ 18:52:49 End 2026.03.04 @ 19:03:08 Sessions 1 Manual Loads 0 Difficulty Explorer Special Mode None Game No. 336 Rogue 216 Adventurer 15 Explorer 105 Win Type - Total 15 Types 15/0/0/0/0/0/0/0/0/0 Lore% 57 Gallery% 61 Achievement% 49 Wizard Run 0 Options --------- Layout 0 ASCII 0 Keyboard 1 Movement Numpad Keybinds 0 Fullscreen 2 Font 18/SmallcapsGlow Map View 76x50 Zoom Use 0% Tactical HUD 1 Map Filters NONE Filters NONE Steam 1 RUN: db53467c-9e9f-4de0-96a5-b6ef2a31f058